AoeStats
← 逆流

Arabia

506601662Analyzed
2v2 RM · 19d ago on Sep 14, 2026· 45m 6s· 4 players
Game mode
Random Map
Map size
Medium (4 player)
Population
200
Speed
Normal
Resources
Standard
Victory
Conquest
Starting age
Dark Age
Ending age
Imperial Age
RankedLock teamsTeams togetherTeam positionsShared explorationLock speedFull tech treeHidden civsTurbo modeCheats
Victory
Defeat
🇨🇳 Khitans · China
1224
+20
🇨🇳 Ethiopians · China
1224
+20
1394
-23
🇩🇪 Huns · Germany
1244
-17
Han.
6:33 Loom
9:54 Feudal Age
10:30 Horse Collar
10:38 Double-Bit Axe
18:42 Castle Age
17:38 Gold Mining
17:55 Fletching
18:06 Padded Archer Armor
19:40 Bodkin Arrow
20:00 Bow Saw
21:00 Gold Shaft Mining
21:53 Bloodlines
22:10 Town Watch
24:26 Heavy Plow
25:56 Leather Archer Armor
26:27 Bodkin Arrow
29:06 Thumb Ring
39:06 Ballistics
40:52 Husbandry
45:11 Wheelbarrow
肩扛大明两京一十三省
6:25 Loom
8:43 Feudal Age
9:33 Double-Bit Axe
20:47 Castle Age
19:18 Scale Barding Armor
19:56 Horse Collar
21:31 Bloodlines
24:13 Husbandry
26:16 Chain Barding Armor
逆流
4:58 Loom
10:46 Feudal Age
11:49 Double-Bit Axe
19:35 Castle Age
17:42 Fletching
18:37 Gold Mining
19:57 Crossbowman
21:07 Bodkin Arrow
21:21 Thumb Ring
21:47 Bow Saw
25:18 Wheelbarrow
24:45 Padded Archer Armor
25:43 Town Watch
29:14 Town Patrol
35:57 Hand Cart
36:33 Elite Skirmisher
37:45 Horse Collar
38:37 Ballistics
38:59 Leather Archer Armor
46:35 Imperial Age
duck
5:07 Loom
10:08 Feudal Age
10:44 Double-Bit Axe
17:51 Forging
20:15 Scale Barding Armor
26:42 Castle Age
28:03 Iron Casting
26:51 Light Cavalry
27:58 Bow Saw
29:39 Chain Barding Armor
32:36 Wheelbarrow
33:43 Husbandry
36:09 Gold Mining
36:22 Fletching
40:42 Hand Cart
Connection lost

Rejoining the realm…

Still unreachable

The connection could not be restored.

Session expired

The server has moved on; the page needs a fresh start.